 Dungeon Crawl Stone Soup version 0.19.1-1-g22dce08 (webtiles) character file.

374 theAP the Cudgeler (level 6, -2/40 HPs)
             Began as a Gargoyle Fighter on Jan 5, 2017.
             Slain by an ice beast (13 damage)
             ... on level 4 of the Dungeon.
             The game lasted 00:07:15 (2507 turns).

theAP the Cudgeler (Gargoyle Fighter)               Turns: 2507, Time: 00:07:15

Health: -2/40      AC: 13    Str: 21    XL:     6   Next: 72%
Magic:  6/6        EV:  7    Int:  9    God:
Gold:   139        SH:  9    Dex:  9    Spells: 0 memorised, 5 levels left

rFire  + . .     SeeInvis .     a - +0 flail
rCold  x . .     Gourm    .     b - +0 scale mail
rNeg   + . .     Faith    .     c - +0 shield
rPois  ∞         Spirit   .     (no helmet)
rElec  +         Reflect  .     (no cloak)
rCorr  .         Harm     .     o - +0 pair of gloves
MR     .....                    n - +0 pair of boots
Stlth  ..........               (no amulet)
                                (no ring)
                                t - ring of fire

@: no status effects
A: negative energy resistance 1, electricity resistance, unbreathing,
petrification resistance, rot immunity, AC +4
a: no special abilities


You were on level 4 of the Dungeon.
You were hungry.

You visited 1 branch of the dungeon, and saw 4 of its levels.

You collected 139 gold pieces.

Inventory:

Hand Weapons
 a - a +0 flail (weapon)
Armour
 b - a +0 scale mail (worn)
 c - a +0 shield (worn)
 n - a +0 pair of boots (worn)
 o - a +0 pair of gloves (worn)
Jewellery
 t - a ring of fire (left hand)
Wands
 k - a wand of iceblast (4/15)
 v - a wand of teleportation (4/9)
Scrolls
 g - a scroll of identify
 h - a scroll of remove curse
 p - a scroll of teleportation
 q - a scroll of fear
 s - a scroll of amnesia
Potions
 d - a potion of might
 e - a potion of cure mutation
 i - a potion of haste
 j - a potion of curing {unknown}
 m - a potion of brilliance {unknown}
 u - a potion of degeneration {unknown}
Comestibles
 f - a bread ration
 l - 3 meat rations


   Skills:
 + Level 5.2 Fighting
 * Level 5.8 Maces & Flails
 - Level 3.2 Armour
 - Level 3.3 Shields


You had 5 spell levels left.
You didn't know any spells.

Dungeon Overview and Level Annotations

Branches:
Dungeon (4/15)
 Temple: D:4-7

Altars:
Ashenzari
Kikubaaqudgha
Nemelex Xobeh
Ru


Innate Abilities, Weirdness & Mutations

You are resistant to torment.
Your stone body is resilient. (AC +4)
You are immune to poison.
You resist negative energy. (rN+)
You are resistant to electric shocks. (rElec)
You can survive without breathing.
You are immune to petrification.
You are immune to rotting.


Message History

You block the ice beast's attack.
The ice beast hits you but does no damage.
Your shield and scale mail prevent you from hitting the ice beast.
The ice beast is moderately wounded.
The ice beast hits you. The ice beast freezes you!
You feel a terrible chill!
* * * LOW HITPOINT WARNING * * *
You are too injured to fight recklessly!
You are too injured to fight recklessly!
You hit the ice beast.
The ice beast is moderately wounded.
The ice beast hits you but does no damage.
You closely miss the ice beast.
The ice beast is moderately wounded.
You block the ice beast's attack.
You hit the ice beast.
The ice beast is heavily wounded.
The ice beast hits you.
* * * LOW HITPOINT WARNING * * *
The ice beast freezes you!
You feel a terrible chill!
You die...

#..### ##..... ##
......# ###.###
#.....# ...#..
#.....# ..#.#.##
#.....# .#...#.
#Y....# #.....#.
#@....# #.≈≈≈.#.
#.....# #≈...≈#.
#.##### #≈._.≈#. #.#
#≈...≈#.## #.#
#.≈≈≈.#..#######'####
#.....#..##.........#
)#...#..............#
#.#.#....##^........#


You could see an ice beast.

Vanquished Creatures
  Sigmund (D:3)
  An orc priest (D:4)
  A worker ant zombie (D:4)
  4 gnolls (D:2)
  5 adders
  2 oozes
  3 worms
  A dart slug (D:2)
  A leopard gecko (D:1)
  6 orcs
  10 bats
  3 giant cockroaches
  7 goblins
  2 hobgoblins (D:1)
  6 jackals
  7 kobolds
  A quokka (D:2)
  5 frilled lizards
  5 rats
71 creatures vanquished.

Notes
Turn   | Place    | Note
-------+----------+-------------------------------------------
     0 | D:1      | theAP the Gargoyle Fighter began the quest for the Orb.
     0 | D:1      | Reached XP level 1. HP: 14/14 MP: 1/1
    50 | D:1      | You fall through a shaft!
    70 | D:2      | Reached XP level 2. HP: 19/19 MP: 2/2
   139 | D:2      | Found an ancient bone altar of Kikubaaqudgha.
   427 | D:2      | Reached XP level 3. HP: 23/24 MP: 3/3
   575 | D:2      | Reached XP level 4. HP: 18/29 MP: 4/4
   603 | D:2      | Found a sparkling altar of Nemelex Xobeh.
  1512 | D:3      | Noticed Sigmund
  1515 | D:3      | Killed Sigmund
  1515 | D:3      | Reached skill level 5 in Fighting
  1515 | D:3      | Reached skill level 5 in Maces & Flails
  1515 | D:3      | Reached XP level 5. HP: 35/35 MP: 5/5
  1515 | D:3      | Reached XP level 6. HP: 40/40 MP: 6/6
  1729 | D:3      | Found a shattered altar of Ashenzari.
  2438 | D:4      | Found a sacrificial altar of Ru.
  2494 | D:4      | Noticed an ice beast
  2507 | D:4      | Slain by an ice beast

Skill      XL: |  1  2  3  4 |
---------------+-------------+-----
Maces & Flails | 3 5 |  5.8
Fighting       | 4 5 |  5.2
Armour         | |  3.2
Shields        | |  3.3

Action                   |  1- 3 |  4- 6 || total
-------------------------+-------+-------++-------
Melee: Flail             |   153 |   173 ||   326
Evoke: Wand              |       |     3 ||     3
  Use: Scroll            |       |     7 ||     7
  Eat: Chunk             |       |     5 ||     5
Armor: Scale mail        |   110 |    89 ||   199
Dodge: Dodged            |    54 |    42 ||    96
Block: Shield            |    92 |    83 ||   175
